[Event "Team 45 45 League T43"]
[Site "Internet Chess Club"]
[Date "2009.10.31"]
[Round "1"]
[White "sdcohle"]
[Black "AlPearson"]
[Result "1/2-1/2"]
[WhiteElo "1404"]
[BlackElo "1401"]
[Opening "Benoni: classical, 9.O-O"]
[ECO "A73"]
[Time "13:36:55"]
[TimeControl "2700+45"]

1. d4 Nf6 2. c4 g6 3. Nf3 Bg7 4. Nc3 O-O 5. e4 d6 6. Be2 c5 7. d5 e6 8. O-O exd5
9. cxd5 b6 10. a4 Ba6 11. Re1 Re8 12. Nd2 Bxe2 13. Rxe2 Nbd7 14. Qc2 Rc8 15. Nc4
Qc7 16. Nb5 Qb8 17. Nbxd6 Ng4 18. g3 Nde5 19. Nxc8 Nxc4 20. Qxc4 Qxc8 21. f3
Bd4+ 22. Kf1 Ne5 23. Qc2 Qh3+ 24. Rg2 Nxf3 25. Qe2 Nxh2+ 26. Ke1 Ng4 27. Bf4
Qh1+ 28. Qf1 Qxf1+ 29. Kxf1 Ne3+ 30. Bxe3 Bxe3 31. Re1 Bd4 32. b3 Bc3 33. Ree2
Kg7 34. Kf2 Kf6 35. Kf3 Kg5 36. Rh2 h5 37. Rh1 Bd4 38. Rd1 Kf6 39. Rd3 Ke5 40.
Re1 Re7 41. Rh1 Rd7 42. Rhd1 Rd6 43. Rc1 Rf6+ 44. Kg2 Kxe4 45. Rdd1 Rf2+ 46. Kh3
Kxd5 47. Rf1 Rxf1 48. Rxf1 f6 49. Kg2 Ke5 50. Re1+ Kd5 51. Kf3 c4 52. bxc4+ Kxc4
53. Re7 a5 54. Rg7 g5 55. Rh7 h4 56. gxh4 gxh4 57. Rxh4 Kd3 58. Rh1 Kc4 59. Ke4
Bc3 60. Rb1 Bb4 61. Kf5 Bc3 62. Rxb6 Kc5 63. Rb5+ Kc4 64. Ke4 {Game drawn by
mutual agreement} 1/2-1/2

[Event "Team 45 45 League T43"]
[Site "Internet Chess Club"]
[Date "2009.11.01"]
[Round "1"]
[White "AtomicDog"]
[Black "TroyO"]
[Result "0-1"]
[WhiteElo "1323"]
[BlackElo "1358"]
[Opening "Sicilian: Pin variation (Sicilian counter-attack)"]
[ECO "B41"]
[Time "10:00:14"]
[TimeControl "2700+45"]

1. e4 c5 2. Nf3 e6 3. d4 cxd4 4. Nxd4 Nf6 5. Nc3 Bb4 6. Qd3 Nc6 7. Bd2 Qb6 8.
Nxc6 dxc6 9. Na4 Bxd2+ 10. Qxd2 Qc7 11. Bd3 O-O 12. Qe2 b5 13. Nc5 Qe5 14. Nb3
Qxb2 15. O-O Qe5 16. f4 Qh5 17. Rf3 e5 18. f5 g6 19. Rg3 Qxe2 20. Bxe2 Nxe4 21.
fxg6 Nxg3 22. gxh7+ Kxh7 23. Bd3+ Kg7 24. hxg3 Be6 25. Nc5 Bc4 26. Be4 Bd5 27.
Bf5 Rh8 28. Re1 f6 29. Ne6+ Bxe6 30. Bxe6 Rad8 31. Bf5 Rd2 32. Be4 c5 33. Rb1 b4
34. a3 Rhd8 35. axb4 Rd1+ 36. Rxd1 Rxd1+ 37. Kf2 cxb4 38. Ke2 Rd8 39. Bf5 a5 40.
Be6 Kg6 41. Bb3 Kg5 42. Be6 a4 43. Bc4 a3 44. Be6 Ra8 45. Ba2 Kg4 46. Kf2 f5 47.
Bd5 Rc8 48. Bf3+ Kg5 49. Bd1 a2 {White resigns} 0-1

[Event "Team 45 45 League T43"]
[Site "Internet Chess Club"]
[Date "2009.10.30"]
[Round "1"]
[White "wrimle"]
[Black "Rubacchus"]
[Result "1-0"]
[WhiteElo "1516"]
[BlackElo "1262"]
[Opening "Vienna gambit"]
[ECO "C29"]
[Time "17:00:27"]
[TimeControl "2700+45"]

1. e4 e5 2. Nc3 Nf6 3. f4 d5 4. fxe5 Nxe4 5. d3 Nxc3 6. bxc3 d4 7. Nf3 Bc5 8.
Be2 dxc3 9. d4 Bb6 10. O-O O-O 11. Kh1 Nc6 12. Ba3 Re8 13. Bc4 Nxd4 14. Nxd4
Qxd4 15. Bxf7+ Kh8 16. Qxd4 Bxd4 17. Bxe8 Be6 18. Rf8+ Bg8 19. e6 g6 20. Bf7
Rxf8 21. Bxf8 b6 22. Rf1 Bxf7 23. exf7 h5 24. Bh6 Bc5 25. f8=Q+ Bxf8 26. Rxf8+
Kh7 27. Bg5 a5 28. Rf7+ Kg8 29. Rxc7 b5 30. Rxc3 b4 31. Rc5 a4 32. Rb5 b3 33.
cxb3 axb3 34. axb3 Kf7 35. Rd5 Ke6 36. Rd8 Kf5 37. h4 Kg4 38. b4 Kf5 39. b5 Kg4
40. b6 Kf5 41. b7 Ke6 42. b8=Q Kf7 43. Rd6 Kg7 44. Qc7+ Kg8 45. Rd8# {Black
checkmated} 1-0

[Event "Team 45 45 League T43"]
[Site "Internet Chess Club"]
[Date "2009.10.31"]
[Round "1"]
[White "NewfieKnight"]
[Black "Visin"]
[Result "0-1"]
[WhiteElo "1290"]
[BlackElo "1206"]
[Opening "QGD: Chigorin defense, Janowski variation"]
[ECO "D02"]
[Time "13:00:20"]
[TimeControl "2700+45"]

1. d4 d5 2. Nf3 Nc6 3. c4 dxc4 4. Nc3 e6 5. e3 Nf6 6. Bxc4 Bb4 7. O-O Bxc3 8.
bxc3 O-O 9. Ba3 Re8 10. Bb5 Bd7 11. Bxc6 Bxc6 12. Re1 Qd5 13. Qe2 Ne4 14. c4 Qd8
15. Rad1 f6 16. Rc1 b6 17. d5 exd5 18. cxd5 Qxd5 19. Rcd1 Qf7 20. Nd4 Bb7 21.
Rc1 c5 22. Nb5 Ba6 23. f3 Bxb5 24. Qxb5 Ng5 25. e4 Qxa2 26. Ra1 Qf7 27. Bb2 Red8
28. e5 f5 29. Bc1 Ne6 30. Qc4 Rd7 31. Qe2 h6 32. Qf2 Rad8 33. h3 Rd1 34. Rxd1
Rxd1+ 35. Kh2 Qd7 36. Qg3 Nd4 37. Bb2 Rxa1 38. Bxa1 Ne6 39. Bb2 Qd2 40. Qg6 Qd7
41. Qxf5 Qf7 42. Qe4 Qf4+ 43. Qxf4 Nxf4 44. Kg3 Nd3 45. Bc3 b5 46. Kg4 b4 47.
Ba1 Kf7 48. Kf5 g6+ 49. Ke4 Nc1 50. Kd5 Nb3 51. e6+ Ke7 52. Bg7 h5 53. Ke5 c4
54. Bf6+ Ke8 55. Kd6 c3 56. g4 c2 57. Bg5 c1=Q 58. Bxc1 Nxc1 59. gxh5 gxh5 60.
f4 Nd3 61. f5 Nf4 62. f6 Nxe6 63. Kxe6 Kf8 64. Kd5 b3 {White resigns} 0-1

[Event "Team 45 45 League T43"]
[Site "Internet Chess Club"]
[Date "2009.10.31"]
[Round "1"]
[White "Tamarin"]
[Black "damnwrite"]
[Result "1-0"]
[WhiteElo "1237"]
[BlackElo "1147"]
[Opening "Queen's pawn: Chigorin variation"]
[ECO "D00"]
[Time "21:00:19"]
[TimeControl "2700+45"]

1. d4 d5 2. Nc3 Nf6 3. Nf3 e6 4. Bg5 Be7 5. e3 Nc6 6. Bd3 O-O 7. O-O Ne4 8. Bxe7
Qxe7 9. Nxe4 dxe4 10. Bxe4 e5 11. Bxc6 bxc6 12. Nxe5 c5 13. c3 Ba6 14. Re1 cxd4
15. exd4 Qd6 16. Qd2 f6 17. Nf3 Qd5 18. Re3 g5 19. Ne1 f5 20. Re5 Qd8 21. Nd3 f4
22. Nc5 Bc4 23. Ne6 Bxe6 24. Rxe6 Qd5 25. Re5 Qd8 26. Rae1 h6 27. Qd3 Kg7 28.
Re7+ Rf7 29. Rxf7+ Kxf7 30. Qh7+ Kf6 31. Qxh6+ Kf5 32. Re5+ Kg4 33. f3# {Black
checkmated} 1-0

[Event "Team 45 45 League T43"]
[Site "Internet Chess Club"]
[Date "2009.10.31"]
[Round "1"]
[White "dxf"]
[Black "dabodhi"]
[Result "0-1"]
[WhiteElo "1110"]
[BlackElo "1128"]
[Opening "King's knight opening"]
[ECO "C40"]
[Time "12:01:02"]
[TimeControl "2700+45"]

1. e4 e5 2. Nf3 Bc5 3. Nxe5 d6 4. Nd3 Nc6 5. Nxc5 dxc5 6. Bc4 Be6 7. Bb5 a6 8.
Bxc6+ bxc6 9. Qh5 Nf6 10. Qxc5 Bd7 11. d3 h6 12. O-O Qe7 13. Nc3 Qxc5 14. Be3
Qb4 15. Rab1 O-O 16. a3 Qe7 17. Bf4 Rac8 18. Rfe1 Nh5 19. Bd2 Qc5 20. Rbc1 Be6
21. Na4 Qe5 22. Bc3 Qg5 23. Bd4 Bh3 24. g3 Nf4 25. Be3 Qg4 26. Bxf4 Qf3 27. Re3
Qg2# {White checkmated} 0-1

[Event "Team 45 45 League T43"]
[Site "Internet Chess Club"]
[Date "2009.11.02"]
[Round "1"]
[White "aapt"]
[Black "theartist"]
[Result "0-1"]
[WhiteElo "1001"]
[BlackElo "1127"]
[Opening "French: advance, Paulsen attack"]
[ECO "C02"]
[Time "12:30:47"]
[TimeControl "2700+45"]

1. e4 e6 2. d4 d5 3. e5 c5 4. c3 Nc6 5. Nf3 Qb6 6. Be2 cxd4 7. cxd4 Bb4+ 8. Nc3
Nge7 9. O-O Nf5 10. a3 Be7 11. Bb5 Bd7 12. Bxc6 Bxc6 13. Be3 Nxe3 14. fxe3 Qxb2
15. Qc1 Qxc1 16. Rfxc1 Rc8 17. Nb5 a6 18. Nd6+ Bxd6 19. exd6 Kd7 20. Ne5+ Ke8
21. d7+ Bxd7 22. Rxc8+ Bxc8 23. Rc1 Ke7 24. Rf1 f6 25. Nf3 Bd7 26. Re1 Rc8 27.
e4 dxe4 28. Rxe4 Bc6 29. Re1 Bxf3 30. gxf3 Rc3 31. d5 e5 32. Rd1 Rxa3 33. d6+
Kd7 34. Kg2 Ra4 35. Kh3 Rd4 36. Rxd4 exd4 37. Kg3 a5 {White resigns} 0-1

[Event "Team 45 45 League T42"]
[Site "Internet Chess Club"]
[Date "2009.10.29"]
[Round "1"]
[White "LeanSixSigma"]
[Black "Newcastler"]
[Result "1-0"]
[WhiteElo "1311"]
[BlackElo "1299"]
[Opening "Sicilian: Pin variation (Sicilian counter-attack)"]
[ECO "B41"]
[Time "20:00:17"]
[TimeControl "2700+45"]

1. e4 c5 2. Nf3 e6 3. d4 cxd4 4. Nxd4 Nf6 5. Nc3 Bb4 6. Bd3 Nc6 7. Nxc6 bxc6 8.
O-O Bd6 9. Re1 O-O 10. e5 Bc5 11. exf6 Qxf6 12. Ne4 Qf5 13. Nxc5 Qxc5 14. Be3
Qe7 15. Qh5 f5 16. Bg5 Qd6 17. Rad1 c5 18. Bxf5 {Black resigns} 1-0

[Event "Team 45 45 League T42"]
[Site "Internet Chess Club"]
[Date "2009.10.29"]
[Round "1"]
[White "ffplayer"]
[Black "kabubi"]
[Result "1-0"]
[WhiteElo "1167"]
[BlackElo "1205"]
[Opening "King's Indian defense, 3.Nc3"]
[ECO "E61"]
[Time "14:07:53"]
[TimeControl "2700+45"]

1. d4 Nf6 2. c4 g6 3. Nc3 Bg7 4. Nf3 c6 5. Bg5 O-O 6. Qd2 d5 7. Bh6 Nbd7 8. Bxg7
Kxg7 9. e3 e5 10. dxe5 Ne4 11. Qc2 Re8 12. cxd5 cxd5 13. Bb5 Nxc3 14. Bxd7 Kg8
15. Bxe8 Qxe8 16. Qxc3 Bf5 17. O-O Rc8 18. Qd2 Qc6 19. Rfc1 Qd7 20. Rxc8+ Qxc8
21. Qxd5 Qc2 22. Qd2 Qe4 23. Rc1 Qh4 {Black resigns} 1-0

[Event "Team 45 45 League T43"]
[Site "Internet Chess Club"]
[Date "2009.11.01"]
[Round "1"]
[White "jjaillet2007"]
[Black "carolinaknight"]
[Result "1-0"]
[WhiteElo "1248"]
[BlackElo "1274"]
[Opening "Nimzo-Indian: Sämisch variation"]
[ECO "E24"]
[Time "17:00:27"]
[TimeControl "2700+45"]

1. d4 e6 2. c4 Nf6 3. Nc3 Bb4 4. a3 Bxc3+ 5. bxc3 d6 6. Bg5 Nbd7 7. e3 h6 8. Bh4
O-O 9. Bd3 a5 10. Nf3 b6 11. O-O Bb7 12. Re1 Re8 13. e4 Qc8 14. e5 dxe5 15. Nxe5
Nxe5 16. dxe5 Nd7 17. Qg4 Nc5 18. Bf6 g5 19. Bc2 Ba6 20. Qh5 Bxc4 21. Qxh6
{Black resigns} 1-0

[Event "Team 45 45 League T43"]
[Site "Internet Chess Club"]
[Date "2009.11.02"]
[Round "1"]
[White "Graybeard"]
[Black "PsyMar"]
[Result "1-0"]
[WhiteElo "1133"]
[BlackElo "1131"]
[Opening "Scotch gambit"]
[ECO "C44"]
[Time "11:02:32"]
[TimeControl "2700+45"]

1. e4 e5 2. Nf3 Nc6 3. d4 exd4 4. Bc4 Bc5 5. c3 Qf6 6. O-O Nge7 7. Bg5 Qg6 8.
Re1 h6 9. Bf4 d6 10. cxd4 Nxd4 11. Nxd4 Bxd4 12. Qxd4 O-O 13. Nc3 Nc6 14. Qd2
Bh3 15. g3 Qg4 16. Be2 Qe6 17. Qd5 Qxd5 18. Nxd5 Nd4 19. Rac1 Rae8 20. f3 Nxe2+
21. Rxe2 c6 22. Nc3 f5 23. Bxd6 {Black resigns} 1-0

[Event "Team 45 45 League T43"]
[Site "Internet Chess Club"]
[Date "2009.11.01"]
[Round "1"]
[White "CoasterBrake"]
[Black "RancidTurnip"]
[Result "0-1"]
[WhiteElo "1226"]
[BlackElo "1261"]
[Opening "English opening"]
[ECO "D33"]
[Time "14:00:49"]
[TimeControl "2700+45"]

1. c4 Nf6 2. Nc3 e6 3. Nf3 c5 4. g3 Nc6 5. Bg2 d5 6. cxd5 exd5 7. d4 cxd4 8.
Nxd4 Nxd4 9. Qxd4 Be6 10. O-O h6 11. Rd1 Qa5 12. Qa4+ Qxa4 13. Nxa4 Rc8 14. Be3
b5 15. Nc3 a6 16. Nxd5 Nxd5 17. Bxd5 Bxd5 18. Rxd5 Rc2 19. Rd2 Rxd2 20. Bxd2 Be7
21. Rc1 O-O 22. Rc6 Rd8 23. Ba5 Rd1+ 24. Kg2 Ra1 25. a3 Ra2 26. Bc3 a5 27. Rb6
b4 28. axb4 axb4 29. Bxb4 Rxb2 30. Ba5 Rxe2 31. Rb8+ Kh7 32. Bd8 Bc5 33. Bb6 Rb2
34. Ba7 Rxf2+ 35. Kh3 Bxa7 {White resigns} 0-1

[Event "Team 45 45 League T43"]
[Site "Internet Chess Club"]
[Date "2009.11.01"]
[Round "1"]
[White "jocooper"]
[Black "otib2006"]
[Result "0-1"]
[WhiteElo "1170"]
[BlackElo "1244"]
[Opening "King's Indian: 6.Be2"]
[ECO "E91"]
[Time "09:31:49"]
[TimeControl "2700+45"]

1. d4 Nf6 2. Nf3 g6 3. c4 Bg7 4. Nc3 O-O 5. e4 d6 6. Be2 Nbd7 7. O-O b6 8. Bg5
Bb7 9. e5 dxe5 10. dxe5 Ne4 11. Nxe4 Bxe4 12. Qd2 Nxe5 13. Qxd8 Rfxd8 14. Rad1
Bxf3 15. gxf3 Rxd1 16. Rxd1 Nc6 17. b3 f6 18. Bc1 Rd8 19. Rxd8+ Nxd8 20. Bb2 Nc6
21. f4 f5 22. Bxg7 Kxg7 23. Kf1 Nd4 24. Bd1 Kf6 25. Ke1 Nc6 26. Bf3 Nd4 27. Bd1
e5 28. Kd2 exf4 29. f3 Ke5 30. Kd3 Nc6 31. h4 Nb4+ 32. Kd2 Kd4 33. a3 Nc6 34.
Be2 Na5 35. Kc2 Ke3 36. Bd1 Nc6 37. Kc3 Nd4 38. a4 Nxf3 39. Bxf3 Kxf3 40. Kd2
Kg2 41. Ke2 f3+ {White resigns} 0-1

[Event "Team 45 45 League T42"]
[Site "Internet Chess Club"]
[Date "2009.10.29"]
[Round "1"]
[White "Cicero"]
[Black "Traho"]
[Result "1/2-1/2"]
[WhiteElo "1177"]
[BlackElo "1321"]
[Opening "Queen's pawn: Yusupov-Rubinstein system"]
[ECO "A46"]
[Time "20:57:07"]
[TimeControl "2700+45"]

1. d4 Nf6 2. Nf3 e6 3. e3 c5 4. Bd3 h6 5. b3 d5 6. Bb2 Nbd7 7. Nbd2 Be7 8. O-O
b6 9. Re1 a5 10. c4 Ba6 11. Qc2 Rb8 12. a4 Bb7 13. e4 dxe4 14. Nxe4 Bxe4 15.
Bxe4 Nxe4 16. Qxe4 Nf6 17. Qc2 Rc8 18. Rad1 Qc7 19. Ne5 cxd4 20. Bxd4 Rd8 21.
Ng6 Rg8 22. Nxe7 Qxe7 23. Re2 Nd7 24. Red2 f6 25. Qh7 Kf7 26. Be3 Rh8 27. Qd3
Ne5 28. Qe2 Rxd2 29. Rxd2 Rd8 30. Bxb6 Rxd2 31. Qxd2 Qa3 32. Qd1 Qb4 33. Be3 Nc6
34. h4 Ne5 35. f4 Ng4 36. Qxg4 Qe1+ 37. Kh2 Qxe3 38. Qg3 Qe4 39. Qf3 Qf5 40. g4
Qc2+ 41. Kg3 Qc1 42. Qb7+ Kg8 43. Qf3 f5 44. gxf5 exf5 45. Qf2 Qc3+ 46. Qf3 Qe1+
47. Qf2 Qc3+ 48. Qf3 Qe1+ 49. Qf2 Qc3+ 50. Qf3 {Game drawn by repetition}
1/2-1/2

[Event "Team 45 45 League T43"]
[Site "Internet Chess Club"]
[Date "2009.10.31"]
[Round "1"]
[White "WannaB"]
[Black "dornoch"]
[Result "1/2-1/2"]
[WhiteElo "1040"]
[BlackElo "1000"]
[Opening "Caro-Kann: exchange variation"]
[ECO "B13"]
[Time "20:00:17"]
[TimeControl "2700+45"]

1. e4 c6 2. d4 d5 3. exd5 cxd5 4. Bd3 Nc6 5. c3 e5 6. Qe2 Qe7 7. dxe5 Qxe5 8.
Nf3 Qxe2+ 9. Bxe2 f6 10. O-O Bd6 11. a3 Nge7 12. Bd3 O-O 13. b4 Bg4 14. Nbd2 Ne5
15. Nxe5 Bxe5 16. Bb2 Bf5 17. Bb1 Bxb1 18. Raxb1 Rac8 19. c4 Bxb2 20. Rxb2 dxc4
21. Rc2 c3 22. Ne4 Rfd8 23. Rxc3 Rxc3 24. Nxc3 Rd3 25. Rc1 Nd5 26. Nxd5 Rxd5 27.
g3 Rd7 28. Kg2 Kf7 29. a4 Ke6 30. f4 Rd4 31. Re1+ Kd7 32. Rb1 b6 33. a5 bxa5 34.
bxa5 Kc7 35. Rc1+ Kb7 36. Re1 Rd7 37. Re6 a6 38. Rb6+ Ka7 39. h3 Rd5 40. Re6 Rd7
41. g4 Rc7 42. Kg3 Kb7 43. f5 Rc6 44. Re7+ Rc7 45. Re6 Rc6 46. h4 Rxe6 47. fxe6
Kc7 48. Kf4 Kd6 49. Kf5 Ke7 50. h5 g6+ 51. hxg6 hxg6+ 52. Kxg6 Kxe6 53. Kh5 Kf7
54. Kh4 Kg6 55. Kg3 f5 56. gxf5+ Kxf5 57. Kf3 Ke5 58. Ke3 Kd5 59. Kd3 Kc5 60.
Kc3 Kb5 61. Kb3 Kxa5 62. Ka3 Kb5 63. Kb3 a5 64. Ka3 a4 65. Ka2 Kb4 66. Kb2 a3+
67. Ka2 Ka4 68. Ka1 Kb3 69. Kb1 Ka4 70. Ka2 Kb4 71. Ka1 Kb3 72. Kb1 a2+ 73. Ka1
Ka3 {White stalemated} 1/2-1/2

[Event "Team 45 45 League T43"]
[Site "Internet Chess Club"]
[Date "2009.11.01"]
[Round "1"]
[White "AVEMARIA"]
[Black "Salvatore"]
[Result "1-0"]
[WhiteElo "1726"]
[BlackElo "1649"]
[Opening "Sicilian: Alapin's variation (2.c3)"]
[ECO "B22"]
[Time "11:01:20"]
[TimeControl "2700+45"]

1. e4 c5 2. c3 Nf6 3. e5 Nd5 4. Nf3 Nc6 5. Bc4 e6 6. Bxd5 exd5 7. d4 cxd4 8.
cxd4 d6 9. O-O Be7 10. Nc3 Be6 11. Bf4 dxe5 12. Nxe5 O-O 13. Nb5 a6 14. Nxc6
bxc6 15. Nc7 Ra7 16. Nxe6 fxe6 17. Qg4 Qd7 18. Be5 Bf6 19. Rae1 Rb7 20. b3 Rb4
21. Qe2 Qa7 22. Bd6 Rbb8 23. Bxb8 Qxb8 24. Qxe6+ Kh8 25. Qxc6 Rd8 26. Qc3 Rc8
27. Qe3 h6 28. Qe6 Rd8 29. Rd1 Rd6 30. Qf5 Qg8 31. Rfe1 Rd8 32. g3 Rf8 33. Qe6
Qh7 34. Qxd5 Rd8 35. Qe4 Qg8 36. d5 Bc3 37. Re3 Ba5 38. Red3 Re8 39. Qd4 Qf8 40.
d6 Rb8 41. d7 Bb6 42. Qxb6 {Black resigns} 1-0

[Event "Team 45 45 League T43"]
[Site "Internet Chess Club"]
[Date "2009.10.30"]
[Round "1"]
[White "jmm843"]
[Black "musk6868"]
[Result "1-0"]
[WhiteElo "1547"]
[BlackElo "1654"]
[Opening "Four knights: Spanish variation"]
[ECO "C48"]
[Time "19:00:12"]
[TimeControl "2700+45"]

1. e4 e5 2. Nf3 Nc6 3. Bb5 Nf6 4. Nc3 d6 5. h3 a6 6. Bxc6+ bxc6 7. O-O Be7 8.
Re1 c5 9. d3 Rb8 10. Nd5 Nxd5 11. exd5 Bb7 12. c4 O-O 13. b3 c6 14. dxc6 Bxc6
15. Bb2 Qd7 16. Nd2 f5 17. f3 Bh4 18. Rf1 Rf6 19. Qe2 Re8 20. Rad1 Rg6 21. Kh1
Qb7 22. a3 Bg5 23. Rf2 e4 24. dxe4 fxe4 25. Nxe4 Bh4 26. Rff1 Qb4 27. axb4
{Black resigns} 1-0

[Event "Team 45 45 League T43"]
[Site "Internet Chess Club"]
[Date "2009.11.01"]
[Round "1"]
[White "GadsHill"]
[Black "dscvdchk"]
[Result "0-1"]
[WhiteElo "1541"]
[BlackElo "1650"]
[Opening "Grünfeld: Stockholm variation"]
[ECO "D80"]
[Time "10:01:52"]
[TimeControl "2700+45"]

1. d4 Nf6 2. c4 g6 3. Nc3 d5 4. Bg5 Ne4 5. Bf4 Nxc3 6. bxc3 dxc4 7. Qa4+ c6 8.
Qxc4 Bg7 9. Nf3 Be6 10. Qb4 Qb6 11. Qxb6 axb6 12. a3 Nd7 13. e4 c5 14. Bb5 O-O
15. O-O Nf6 16. Rfe1 Rfc8 17. d5 Bd7 18. a4 Bxb5 19. axb5 Rxa1 20. Rxa1 Nxe4 21.
Ra7 Nxc3 22. Rxb7 Ne2+ 23. Kf1 Nxf4 24. Rxb6 Nxd5 25. Ra6 Rb8 {White resigns}
0-1

[Event "Team 45 45 League T43"]
[Site "Internet Chess Club"]
[Date "2009.10.30"]
[Round "1"]
[White "Berke"]
[Black "jericho121"]
[Result "0-1"]
[WhiteElo "1668"]
[BlackElo "1509"]
[Opening "Pirc: Holmov system"]
[ECO "B07"]
[Time "14:00:20"]
[TimeControl "2700+45"]

1. e4 d6 2. Bc4 Nf6 3. Nc3 g6 4. d4 Bg7 5. Be3 O-O 6. Nf3 e5 7. dxe5 dxe5 8. Qe2
Nfd7 9. Rd1 Nc6 10. Bc5 Re8 11. Be3 a6 12. Ng5 Rf8 13. Nf3 Ne7 14. O-O b5 15.
Bd5 Nxd5 16. Nxd5 Bb7 17. b3 Bxd5 18. Rxd5 c6 19. Rd6 Qc7 20. Rfd1 Rfd8 21. Qd2
Bf6 22. Rxd7 Rxd7 23. Qxd7 Rd8 24. Qxd8+ Bxd8 25. Rxd8+ Qxd8 26. Nxe5 Qd1#
{White checkmated} 0-1

[Event "Team 45 45 League T43"]
[Site "Internet Chess Club"]
[Date "2009.10.31"]
[Round "1"]
[White "zepled37"]
[Black "SugarIslander"]
[Result "1-0"]
[WhiteElo "1699"]
[BlackElo "1697"]
[Opening "Caro-Kann: advance variation"]
[ECO "B12"]
[Time "13:11:14"]
[TimeControl "2700+45"]

1. e4 c6 2. d4 d5 3. e5 Bf5 4. Nc3 e6 5. g4 Bg6 6. Nge2 c5 7. Be3 Qb6 8. Na4
Qa5+ 9. c3 Na6 10. h4 f6 11. Nf4 cxd4 12. b4 Nxb4 13. cxb4 Bxb4+ 14. Bd2 Bxd2+
15. Qxd2 Qxa4 16. Nxe6 Qd7 17. Bb5 Qxb5 18. Nc7+ Kd7 19. Nxb5 fxe5 20. Qb4 Nf6
21. Qd6+ Ke8 22. Nc7+ Kf7 23. Qe6+ {Black resigns} 1-0

[Event "Team 45 45 League T42"]
[Site "Internet Chess Club"]
[Date "2009.10.29"]
[Round "1"]
[White "oldsj"]
[Black "bmw2002"]
[Result "1-0"]
[WhiteElo "1614"]
[BlackElo "1606"]
[Opening "Caro-Kann: Panov-Botvinnik attack"]
[ECO "B13"]
[Time "09:09:35"]
[TimeControl "2700+45"]

1. e4 c6 2. d4 d5 3. exd5 cxd5 4. c4 Nf6 5. Nc3 Bf5 6. Qb3 Nc6 7. Nf3 Na5 8. Qd1
a6 9. cxd5 Nxd5 10. Bd3 Bxd3 11. Qxd3 e6 12. O-O Be7 13. Bd2 O-O 14. Rac1 Rc8
15. Rfe1 Qb6 16. Nxd5 exd5 17. Rxe7 Nc4 18. b3 Nd6 19. Ne5 Qd8 20. Rxc8 Qxc8 21.
Nf3 Qd8 22. Re1 Qd7 23. Bb4 Rc8 24. Bxd6 Qxd6 25. Qe3 Kf8 26. Rc1 Re8 27. Qd2 f6
28. Ne1 Re4 29. Nc2 Qe7 30. Ne3 Qe6 31. g3 f5 32. h4 f4 33. Ng2 fxg3 34. fxg3
Re2 35. Rf1+ Kg8 36. Qf4 h6 37. Qf8+ Kh7 38. Qf5+ g6 39. Qxe6 Rxe6 40. Rf7+ Kg8
41. Rxb7 Re4 42. Rb4 Re2 43. Nf4 Rxa2 44. Nxd5 Kf7 45. Ra4 Rd2 46. Nc7 a5 47.
Na6 Ke6 48. Rxa5 Rxd4 49. Kf2 Kd6 50. Ke3 Rg4 51. Kf3 Rd4 52. Ke3 Rg4 53. Kf3
Rd4 54. b4 Rc4 55. Ra1 Ke5 56. Rb1 Kf5 57. b5 Rc3+ 58. Kf2 Kg4 59. b6 Rc2+ 60.
Ke3 Rc3+ 61. Kd4 Rxg3 62. b7 Kxh4 63. Rh1+ Kg5 64. b8=Q Rf3 65. Qe5+ Rf5 66.
Rg1+ Kh5 67. Qh2# {Black checkmated} 1-0

[Event "Team 45 45 League T43"]
[Site "Internet Chess Club"]
[Date "2009.11.01"]
[Round "1"]
[White "BrerRabbit"]
[Black "sra66"]
[Result "1-0"]
[WhiteElo "1583"]
[BlackElo "1570"]
[Opening "English, 1...Nf6 (Anglo-Indian defense)"]
[ECO "A15"]
[Time "19:11:55"]
[TimeControl "2700+45"]

1. c4 Nf6 2. g3 d5 3. cxd5 Qxd5 4. Nf3 g6 5. Bg2 Bg7 6. O-O O-O 7. Nc3 Qh5 8.
Qb3 c6 9. d4 Nbd7 10. Bf4 Nb6 11. Rac1 Bh3 12. Rfd1 Nfd5 13. Nxd5 cxd5 14. Rc7
Rae8 15. Rxb7 Nc8 16. Bxh3 Qxh3 17. Ng5 Qf5 18. Kg2 e5 19. dxe5 Bxe5 20. Rxd5 h6
21. Nf3 Qf6 22. Bxe5 Rxe5 23. Rxe5 Nd6 24. Rxa7 {Black resigns} 1-0

[Event "Team 45 45 League T43"]
[Site "Internet Chess Club"]
[Date "2009.10.31"]
[Round "1"]
[White "Just-Jim"]
[Black "sly20"]
[Result "0-1"]
[WhiteElo "1506"]
[BlackElo "1532"]
[Opening "Caro-Kann: advance variation"]
[ECO "B12"]
[Time "13:00:19"]
[TimeControl "2700+45"]

1. e4 c6 2. d4 d5 3. e5 c5 4. c3 cxd4 5. cxd4 Nc6 6. Bb5 Nh6 7. Bxh6 gxh6 8.
Bxc6+ bxc6 9. h3 Bf5 10. Nc3 e6 11. a3 Be7 12. Nge2 Rg8 13. g4 Bg6 14. Nf4 f6
15. Nxe6 Qb6 16. b4 fxe5 17. dxe5 Bh4 18. O-O h5 19. Kg2 Bf5 20. Nd4 Bxg4 21.
hxg4 Rxg4+ 22. Kh1 Qxd4 23. Qxd4 Rxd4 24. f4 Bg3 25. Ne2 Rd3 26. Nxg3 Rxg3 27.
Rg1 Rg4 28. Rxg4 hxg4 29. Rg1 h5 30. Kh2 Kf7 31. Kg3 a5 32. Rc1 axb4 33. axb4
Ra6 34. f5 Rb6 35. Kh4 g3 36. Kxg3 Rxb4 37. Rxc6 Rg4+ 38. Kh3 Re4 39. Rc7+ Ke8
40. e6 d4 41. e7 Rxe7 42. Rc6 d3 43. Rd6 Rd7 44. Re6+ Kf7 45. Kh4 d2 46. Kg5
d1=Q 47. Rf6+ Kg8 48. Rg6+ Rg7 49. Rxg7+ Kxg7 50. f6+ Kf7 51. Kf5 h4 {White
resigns} 0-1

[Event "Team 45 45 League T42"]
[Site "Internet Chess Club"]
[Date "2009.10.28"]
[Round "1"]
[White "orrgroup"]
[Black "CHESSIC-1111"]
[Result "1-0"]
[WhiteElo "1317"]
[BlackElo "1576"]
[Opening "Sicilian defense"]
[ECO "B20"]
[Time "20:01:11"]
[TimeControl "2700+45"]

1. e4 c5 2. c4 Nc6 3. Nf3 d6 4. h3 Nf6 5. d3 e6 6. g3 Be7 7. Bg2 O-O 8. O-O Bd7
9. a3 a5 10. Re1 e5 11. Be3 Qc8 12. Nbd2 Bxh3 13. Nh2 Bxg2 14. Kxg2 Nd4 15. Bxd4
cxd4 16. Rh1 Qd7 17. b3 Rac8 18. Rc1 b5 19. Rc2 d5 20. exd5 Bxa3 21. Ne4 Nxe4
22. dxe4 bxc4 23. bxc4 Rc7 24. Qd3 Bb4 25. Nf3 f6 26. Nh4 Rfc8 27. Nf5 Bc3 28.
d6 Rxc4 29. Ne7+ Kf8 30. Nxc8 Qxc8 31. d7 Qxd7 32. Qxc4 h6 33. Rxc3 dxc3 34.
Qxc3 a4 35. Ra1 Qa7 36. Qb4+ Kf7 37. Rxa4 Qd7 38. Qc5 Qg4 39. Qd5+ Kg6 40. Ra6
Qe2 41. Rc6 Kh7 42. Rc8 Kg6 43. Rf8 Kg5 44. Rf7 Kg6 45. Qb7 Kh5 46. Rxg7 Qc4 47.
Qd5 Qd4 48. Qf7# {Black checkmated} 1-0

[Event "Team 45 45 League T43"]
[Site "Internet Chess Club"]
[Date "2009.10.30"]
[Round "1"]
[White "kingsrook"]
[Black "The-Capitalist"]
[Result "0-1"]
[WhiteElo "1302"]
[BlackElo "1356"]
[Opening "Colle system"]
[ECO "D05"]
[Time "21:00:18"]
[TimeControl "2700+45"]

1. d4 d5 2. Nf3 Nf6 3. e3 e6 4. Bd3 c5 5. c3 Nc6 6. Qe2 c4 7. Bc2 b5 8. a3 Be7
9. Nbd2 O-O 10. O-O Bb7 11. e4 dxe4 12. Nxe4 Qd5 13. Nxf6+ Bxf6 14. Be4 Qd6 15.
Re1 Na5 16. Bg5 Bxg5 17. Nxg5 h6 18. Qh5 Qe7 19. Nf3 Bxe4 20. Rxe4 Nb3 21. Rae1
Rab8 22. Re5 a6 23. d5 Rb6 24. Qg4 Kh7 25. dxe6 fxe6 26. Rxe6 Rxe6 27. Rxe6 Qd8
28. Re1 Re8 29. Qf5+ Kg8 30. Rxe8+ Qxe8 31. Ne5 Qd8 32. Qd7 Qg5 33. Qd5+ Kh7 34.
Qe4+ Kg8 35. f4 Qd8 36. Qe2 Qb6+ 37. Qf2 Qf6 38. g3 Qf5 39. Kg2 Qe4+ 40. Kh3 Nc1
41. Qf3 Qxf3 42. Nxf3 Nd3 43. a4 bxa4 44. Nd2 Nxb2 45. Nb1 Kf7 46. Kg4 Ke6 47.
Kh5 Kf5 48. Kh4 g6 49. Na3 Ke4 50. Kg4 Nd1 51. Nxc4 Ne3+ 52. Nxe3 Kxe3 53. c4 a3
54. c5 a2 55. c6 a1=Q 56. c7 Qc1 57. h4 Qxc7 58. h5 gxh5+ 59. Kxh5 Kf3 {White
resigns} 0-1